 Dungeon Crawl Stone Soup version 0.20-a0-850-ge5a7832 (webtiles) character file.

394 Firecrotchwizard the Spear-Bearer (level 6, 0/44 HPs)
             Began as a Merfolk Gladiator on Mar 9, 2017.
             Was a Follower of Makhleb.
             Slain by an orc wizard
             ... wielding a +0 dagger
              (3 damage)
             ... on level 4 of the Dungeon.
             The game lasted 00:07:56 (2923 turns).

Firecrotchwizard the Spear-Bearer (MfGl)            Turns: 2923, Time: 00:07:56

Health: 0/44       AC:  7    Str: 14    XL:     6   Next: 82%
Magic:  6/6        EV: 12    Int: 10    God:    Makhleb [*.....]
Gold:   189        SH:  0    Dex: 15    Spells: 5/5 levels left

rFire    . . .     SeeInvis .   a - +0 trident
rCold    . . .     Gourm    .   n - +0 ring mail
rNeg     . . .     Faith    .   (no shield)
rPois    .         Spirit   .   c - +0 helmet
rElec    .         Reflect  .   (no cloak)
rCorr    .         Harm     .   (no gloves)
MR       .....                  v - +0 pair of boots
Stlth    +.........             (no amulet)
Regen    0.2/turn               (no ring)
MPRegen  0.1/turn               (no ring)

@: slowed, very slow
A: change form in water, swift swim, stealthy swim
a: Renounce Religion


You were on level 4 of the Dungeon.
You worshipped Makhleb.
Makhleb was aware of your devotion.
You were not hungry.

You visited 1 branch of the dungeon, and saw 4 of its levels.

You collected 189 gold pieces.

Inventory:

Hand Weapons
 a - a +0 trident (weapon)
Missiles
 d - 5 throwing nets (quivered)
 z - 5 tomahawks
Armour
 b - a +0 leather armour
 c - a +0 helmet (worn)
 n - a +0 ring mail (worn)
 v - a +0 pair of boots (worn)
Jewellery
 x - a cursed amulet of inaccuracy {unknown}
Wands
 A - a wand of lightning (9/15)
Scrolls
 e - 2 scrolls of remove curse {unknown}
 i - 2 scrolls of fog {unknown}
 j - 7 scrolls of identify {unknown}
 p - a scroll of magic mapping {unknown}
 q - a scroll of amnesia {unknown}
 t - 2 scrolls of teleportation {unknown}
 u - a scroll of blinking {unknown}
 y - a scroll of enchant weapon {unknown}
Potions
 l - a potion of haste {unknown}
 m - a potion of ambrosia {unknown}
 o - a potion of degeneration {unknown}
 r - a potion of flight {unknown}
 s - a potion of might {unknown}
Comestibles
 f - 3 bread rations
 g - 4 royal jellies
 h - a meat ration
 w - 2 chunks of flesh


   Skills:
 - Level 2.1 Fighting
 * Level 10.5 Polearms
 - Level 2.0 Throwing
 - Level 4.0 Dodging


You had 5 spell levels left.
You didn't know any spells.

Dungeon Overview and Level Annotations

Branches:
Dungeon (4/15)
 Temple: D:4-7

Altars:
Makhleb


Message History

You reach to attack!
You barely miss something.
The orc wizard mumbles some strange words.
The orc wizard blinks!
Something hits you.
* * * LOW HITPOINT WARNING * * *
Attack whom?
Press: ? - help, Dir - move target cursor You reach to attack!
You barely miss something.
The orc wizard gestures at you while chanting.
You feel yourself slow down. Something hits you but does no damage.
Attack whom?
Press: ? - help, Dir - move target cursor You reach to attack!
You closely miss something. The orc wizard barely misses you.
The orc wizard hits you but does no damage.
Something hits you.
* * * LOW HITPOINT WARNING * * *
Attack whom?
Press: ? - help, Dir - move target cursor You reach to attack!
You miss something. The orc wizard hits you with a dagger.
You die...

#.#
#.............
#.#
#.........####
#รท# #.........#
# #.#
#.........# #
#.# #.........#
# #.#
########### #
#.# #
#o##############
#
#@.{............
.
#########.......
. ....... .
....... .......
....... ####.##
.#


You could see an orc wizard.

Vanquished Creatures
  A howler monkey (D:4)
  2 crimson imps (D:3)
  A hound (D:4)
  2 orc wizards (D:4)
  2 iguanas (D:4)
  A worker ant (D:3)
  2 adders
  An ooze (D:4)
  An adder skeleton (D:4)
  2 worms
  5 dart slugs
  2 leopard geckos
  8 orcs
  6 bats
  2 giant cockroaches
  3 goblins
  6 hobgoblins
  13 jackals
  5 kobolds
  A quokka (D:3)
  A ball python skeleton (D:3)
  5 frilled lizards
  A leopard gecko skeleton (D:4)
  11 rats
84 creatures vanquished.

Notes
Turn   | Place    | Note
-------+----------+-------------------------------------------
     0 | D:1      | Firecrotchwizard the Merfolk Gladiator began the quest for the Orb.
     0 | D:1      | Reached XP level 1. HP: 16/16 MP: 1/1
   195 | D:1      | Reached skill level 5 in Polearms
   313 | D:1      | Reached XP level 2. HP: 18/22 MP: 2/2
   828 | D:1      | Reached skill level 6 in Polearms
   828 | D:1      | Reached XP level 3. HP: 27/27 MP: 3/3
  1189 | D:2      | You fall through a shaft!
  1411 | D:3      | Reached skill level 7 in Polearms
  1411 | D:3      | Reached XP level 4. HP: 24/33 MP: 4/4
  1617 | D:3      | Reached skill level 8 in Polearms
  1617 | D:3      | Reached XP level 5. HP: 35/38 MP: 5/5
  1880 | D:3      | Found a burning altar of Makhleb.
  1893 | D:3      | Became a worshipper of Makhleb the Destroyer
  2519 | D:4      | Reached skill level 9 in Polearms
  2588 | D:4      | Reached XP level 6. HP: 44/44 MP: 6/6
  2593 | D:4      | Reached * piety under Makhleb
  2636 | D:4      | Reached skill level 10 in Polearms
  2912 | D:4      | HP: 2/44 [orc wizard/magic dart (5)]
  2923 | D:4      | Slain by an orc wizard

Vault maps used:
D:1:      ncdulo_wetmaze
D:2:      uniq_crazy_yiuf_cottage, uniq_natasha
D:3:      lemuel_coloured_pillars_altar
D:4:      minmay_opposing_rooms, overflow_temple_1_default,
          minmay_temple_entry_crystal_x

Skill      XL: |  1  2  3  4  5  6 |
---------------+-------------------+-----
Polearms       | 5 6 7 8 9 10 | 10.5
Fighting       | |  2.1
Throwing       | |  2.0
Dodging        | |  4.0

Action                   |  1- 3 |  4- 6 || total
-------------------------+-------+-------++-------
Melee: Trident           |   133 |   188 ||   321
  Use: Potion            |       |     2 ||     2
 Stab: Sleeping          |     1 |       ||     1
       Distracted        |     1 |       ||     1
  Eat: Chunk             |     1 |     6 ||     7
Armor: Leather armour    |     3 |       ||     3
       Ring mail         |    26 |    54 ||    80
Dodge: Dodged            |    57 |    78 ||   135
